 Dungeon Crawl Stone Soup version 0.26-a0-682-g294304f6e8 (webtiles) character file.

Game seed: 8823283122901617691

260 Kinoniko the Skirmisher (level 6, -10/67 HPs)
             Began as an Ogre Berserker on Oct 20, 2020.
             Was a Believer of Trog.
             Mangled by an iguana (13 damage)
             ... on level 4 of the Dungeon.
             The game lasted 00:03:42 (3014 turns).

Kinoniko the Skirmisher (Ogre Berserker)            Turns: 3014, Time: 00:03:43

Health: -10/67     AC:  7    Str: 24    XL:     6   Next: 17%
Magic:  6/6        EV: 10    Int:  8    God:    Trog [**....]
Gold:   244        SH:  0    Dex:  8    Spells: 5/5 levels left

rFire    . . .     SeeInvis .   a - +0 mace
rCold    . . .     Faith    .   (no shield)
rNeg     . . .     Spirit   .   b - +1 animal skin
rPois    .         Reflect  .   (helmet restricted)
rElec    .         Harm     .   i - +2 cloak
rCorr    .         Rampage  .   (gloves unavailable)
MR       .....                  (boots unavailable)
Stlth    +.........             (no amulet)
HPRegen  0.21/turn              (no ring)
MPRegen  0.10/turn              (no ring)

@: berserk cooldown, slowed, lightly drained, very slow
A: large, unfitting armour, tough skin 1
a: Berserk, Trog's Hand, Renounce Religion


You were on level 4 of the Dungeon.
You worshipped Trog.
Trog was pleased with you.
You visited 1 branch of the dungeon, and saw 4 of its levels.

You collected 244 gold pieces.

Inventory:

Hand Weapons
 a - a +0 mace (weapon)
Armour
 b - a +1 animal skin (worn)
 i - a +2 cloak (worn)
Jewellery
 p - an uncursed amulet of magic regeneration
Wands
 e - a wand of iceblast (5)
 f - a wand of paralysis (12)
 j - a wand of flame (11)
Scrolls
 h - a scroll of teleportation
 o - 2 scrolls of blinking
 q - a scroll of identify
Potions
 g - a potion of invisibility
 k - a potion of heal wounds {unknown}
 l - a potion of haste {unknown}
 m - a potion of stabbing {unknown}
 n - a potion of mutation {unknown}


   Skills:
 + Level 6.0(5.4) Fighting
 * Level 5.2(4.6) Maces & Flails
 - Level 2.6(2.1) Dodging


You had 5 spell levels left.
You didn't know any spells.
Your spell library was empty.

Dungeon Overview and Level Annotations

Branches:
Dungeon (4/15)
 Temple: D:4-7

Altars:
Qazlal


Innate Abilities, Weirdness & Mutations

You are too large for most types of armour.
You have tough skin. (AC +1)


Message History

The iguana barely misses you.
You see here 11 stones.
You hit the iguana.
The iguana is moderately wounded.
The iguana bites you! x2
* * * LOW HITPOINT WARNING * * *
You hit the iguana.
The iguana is heavily wounded.
The iguana closely misses you. The iguana bites you!
* * * LOW HITPOINT WARNING * * *
You completely miss the iguana.
The iguana is heavily wounded.
A jackal comes into view.
The iguana bites you!
* * * LOW HITPOINT WARNING * * *
The jackal barks!
You hit the iguana.
The iguana is heavily wounded.
The iguana misses you. The iguana bites you!
You die...

#.#...###########
.# #.......#####
.+ ...........(.#
..##
########.###.#
###...
#.###.###...
#.##..(##.#
#....#.(.$#
####...#(.#
##.##.@# #. #lh#
#. #..# #. #..#
.. .... #.##....
# #. #..## #.#.
#<.# #.#.## #


You could see an iguana and a jackal.

Vanquished Creatures
  An orc priest (D:4)
  Jessica (D:2)
  Terence (D:2)
  A worker ant (D:4)
  10 adders
  An adder skeleton (D:4)
  3 worms
  A dart slug (D:2)
  2 orcs (D:4)
  5 giant cockroaches
  5 hobgoblins
  4 jackals
  7 kobolds
  2 ball pythons (D:2)
  4 bats
  3 frilled lizards
  6 goblins
  6 rats
63 creatures vanquished.

Notes
Turn   | Place    | Note
-------+----------+-------------------------------------------
     0 | D:1      | Kinoniko the Ogre Berserker began the quest for the Orb.
     0 | D:1      | Reached XP level 1. HP: 24/24 MP: 1/1
   259 | D:1      | Reached XP level 2. HP: 32/32 MP: 2/2
   815 | D:2      | Reached XP level 3. HP: 40/40 MP: 3/3
  1014 | D:2      | Reached XP level 4. HP: 39/49 MP: 4/4
  1242 | D:2      | Noticed Jessica
  1250 | D:2      | Killed Jessica
  1250 | D:2      | Reached ** piety under Trog
  1250 | D:2      | Reached skill level 5 in Fighting
  1397 | D:2      | Found a stormy altar of Qazlal.
  1496 | D:2      | Noticed Terence
  1511 | D:2      | Killed Terence
  1511 | D:2      | Reached XP level 5. HP: 57/57 MP: 5/5
  2919 | D:4      | Reached skill level 5 in Maces & Flails
  2962 | D:4      | Reached XP level 6. HP: 66/67 MP: 6/6
  3007 | D:4      | Reached skill level 6 in Fighting
  3013 | D:4      | HP: 3/67 [iguana (10)]
  3014 | D:4      | Mangled by an iguana

Illustrated notes

Levels and vault maps discovered:
D:1:      onia_arrival_pentagram, layout_basic
D:2:      layout_basic, nicolae_qazlal_general_emergency, uniq_jessica,
          uniq_terence
D:3:      layout_loops_cross
D:4:      layout_loops_ring, kennysheep_mini_moat,
          nicolae_ossuary_entry_false_entrances, nemelex_diamond_rough_becter

Skill      XL: |  1  2  3  4  5  6 |
---------------+-------------------+-----
Maces & Flails | 3 4 5 |  5.2
Fighting       | 5 6 |  6.0
Dodging        | |  2.6

Action                   |  1- 3 |  4- 6 || total
-------------------------+-------+-------++-------
Melee: Mace              |    65 |   114 ||   179
Invok: Berserk           |     3 |     9 ||    12
  Use: Scroll            |       |     8 ||     8
Armor: Animal skin       |    21 |    49 ||    70
Dodge: Dodged            |    41 |    70 ||   111

Table legend: (Time is in decaauts)
 A = Elapsed time spent in this place.
 B = Non-inter-level travel time spent in this place.
 C = Inter-level travel time spent in this place.
 D = Time resting spent in this place.
 E = Time spent auto-exploring this place.
 F = Levels seen in this place.
 G = Mean time per level.
                   A        B        C        D        E       F      G
               +--------+--------+--------+--------+--------+-----+--------+
         Total |   3149 |   3083 |     66 |   1192 |   1495 |   4 |  787.2 |
       Dungeon |   3149 |   3083 |     66 |   1192 |   1495 |   4 |  787.2 |
               +--------+--------+--------+--------+--------+-----+--------+

Top non-repeatable levels by time:
     D:3: 1130 daAuts
     D:2: 1052 daAuts
     D:1: 818 daAuts
     D:4: 147 daAuts
